NYP
VANCOUVER CANADIANS @ MAHONING VALLEY SCRAPPERS
04/06/2048
 
TOP OF THE 1ST
Vancouver Canadians batting - Pitching for Mahoning Valley Scrappers : LHP Tony Flores
Pitching: LHP Tony Flores
Batting: RHB Brian Manson 0-0: Ball
1-0: Ball
2-0: Called Strike
2-1: SOLO HOME RUN (Flyball, 78XD, EV 108.1 MPH), Distance : 417 ft
Batting: RHB Nikita Schram 0-0: Ball
1-0: Ground out 6-3 (Groundball, 6MS, EV 88.8 MPH)
Batting: RHB Norm Mercer 0-0: Ball
1-0: Called Strike
1-1: Called Strike
1-2: Ball
2-2: Strikes out swinging
Batting: RHB Mark Noftall 0-0: Swinging Strike
0-1: Swinging Strike
0-2: Ball
1-2: Foul Ball, location: 2F
1-2: Ground out 5-3 (Groundball, 56S, EV 78.8 MPH)
Top of the 1st over - 1 run, 1 hit, 0 errors, 0 left on base; Vancouver 1 - Mahoning Valley 0
BOTTOM OF THE 1ST
Mahoning Valley Scrappers batting - Pitching for Vancouver Canadians : RHP John York
Pitching: RHP John York
Batting: RHB Aaron Stout 0-0: Called Strike
0-1: Foul Ball, location: 2F
0-2: Ball
1-2: Fly out, F9 (Flyball, 9, EV 93.8 MPH)
Batting: RHB Jose Argueta 0-0: SINGLE (Line Drive, 9S, EV 101.9 MPH)
Batting: RHB John Shaffer 0-0: Foul Ball, location: 2F
0-1: Ball
1-1: Swinging Strike
1-2: Strikes out swinging
Batting: LHB Matt Steinke 0-0: Swinging Strike
0-1: Swinging Strike
0-2: Foul Ball, location: 2F
0-2: Ball
1-2: Strikes out looking
Bottom of the 1st over - 0 runs, 1 hit, 0 errors, 1 left on base; Vancouver 1 - Mahoning Valley 0
TOP OF THE 2ND
Vancouver Canadians batting - Pitching for Mahoning Valley Scrappers : LHP Tony Flores
Batting: RHB Elliot Manfredini 0-0: Called Strike
0-1: Ball
1-1: Called Strike
1-2: Strikes out swinging
Batting: LHB Devin Huber 0-0: Called Strike
0-1: Ball
1-1: Ball
2-1: SINGLE (Line Drive, 4D, EV 104.4 MPH)
Batting: RHB Josh Swartzentruber 0-0: Ball
Devin Huber steals 2nd base
1-0: Foul Ball, location: 2F
1-1: Ball
2-1: Foul Ball, location: 2F
2-2: Ground out 5-3 (Groundball, 5S, EV 88.1 MPH)
Batting: RHB Dan Hilyer 0-0: Ball
1-0: Swinging Strike
1-1: Ground out 5-3 (Groundball, 5S, EV 75.6 MPH)
Top of the 2nd over - 0 runs, 1 hit, 0 errors, 1 left on base; Vancouver 1 - Mahoning Valley 0
BOTTOM OF THE 2ND
Mahoning Valley Scrappers batting - Pitching for Vancouver Canadians : RHP John York
Batting: LHB Dave Key 0-0: Ball
1-0: Swinging Strike
1-1: Swinging Strike
1-2: Strikes out swinging
Batting: RHB Nick Gossman 0-0: Fly out, F3 (Line Drive, 34, EV 66.2 MPH)
Batting: RHB Jonathan Livingston 0-0: Ball
1-0: Ground out 5-3 (Groundball, 56S, EV 65.0 MPH)
Bottom of the 2nd over - 0 runs, 0 hits, 0 errors, 0 left on base; Vancouver 1 - Mahoning Valley 0
TOP OF THE 3RD
Vancouver Canadians batting - Pitching for Mahoning Valley Scrappers : LHP Tony Flores
Batting: RHB Luis Vargas 0-0: Ball
1-0: Foul Ball, location: 2F
1-1: Called Strike
1-2: Strikes out swinging
Batting: RHB Brian Manson 0-0: Called Strike
0-1: Ground out 6-3 (Groundball, 6, EV 103.1 MPH)
Batting: RHB Nikita Schram 0-0: Foul Ball, location: 2F
0-1: Swinging Strike
0-2: Ball
1-2: Foul Ball, location: 2F
1-2: Strikes out swinging
Top of the 3rd over - 0 runs, 0 hits, 0 errors, 0 left on base; Vancouver 1 - Mahoning Valley 0
BOTTOM OF THE 3RD
Mahoning Valley Scrappers batting - Pitching for Vancouver Canadians : RHP John York
Batting: RHB Leo Villa 0-0: Ball
1-0: Ground out 5-3 (Groundball, 56S, EV 86.9 MPH)
Batting: RHB Juan Ordonez 0-0: Ground out 6-3 (Groundball, 6, EV 100.6 MPH)
Batting: RHB Aaron Stout 0-0: Ball
1-0: Swinging Strike
1-1: Ball
2-1: Ball
3-1: Fly out, F7 (Flyball, 7LD, EV 88.1 MPH)
Bottom of the 3rd over - 0 runs, 0 hits, 0 errors, 0 left on base; Vancouver 1 - Mahoning Valley 0
TOP OF THE 4TH
Vancouver Canadians batting - Pitching for Mahoning Valley Scrappers : LHP Tony Flores
Batting: RHB Norm Mercer 0-0: Ball
1-0: Called Strike
1-1: Called Strike
1-2: Foul Ball, location: 2F
1-2: Ball
2-2: Ball
3-2: Strikes out swinging
Pitching: RHP Mike Borell
Batting: RHB Mark Noftall 0-0: Called Strike
0-1: Ground out 4-3 (Groundball, 4M, EV 77.5 MPH)
Batting: RHB Elliot Manfredini 0-0: Ball
1-0: Ball
2-0: Swinging Strike
2-1: Foul Ball, location: 2F
2-2: Ball
3-2: Fly out, F9 (Flyball, 9, EV 95.0 MPH)
Top of the 4th over - 0 runs, 0 hits, 0 errors, 0 left on base; Vancouver 1 - Mahoning Valley 0
BOTTOM OF THE 4TH
Mahoning Valley Scrappers batting - Pitching for Vancouver Canadians : RHP John York
Batting: RHB Jose Argueta 0-0: Called Strike
0-1: Ball
1-1: Ground out 4-3 (Groundball, 4MD, EV 80.0 MPH)
Batting: RHB John Shaffer 0-0: Called Strike
0-1: SINGLE (Line Drive, 89M, EV 106.2 MPH)
Batting: LHB Matt Steinke 0-0: Ball
1-0: Foul Ball, location: 2F
1-1: Ball
2-1: Foul Ball, location: 2F
2-2: Fielders Choice at 2nd, 4-6 (Groundball, 4, EV 85.0 MPH)
Batting: LHB Dave Key 0-0: Ball
1-0: Called Strike
1-1: Swinging Strike
1-2: Ball
2-2: SINGLE (Flyball, 56D, EV 91.9 MPH)
Matt Steinke to second
Batting: RHB Nick Gossman 0-0: Swinging Strike
0-1: Ball
1-1: Foul Ball, location: 2F
1-2: Ball
2-2: Foul Ball, location: 2F
2-2: Ball
Passed Ball!
Matt Steinke to third
Dave Key to second
3-2: SINGLE (Line Drive, 34D, EV 95.0 MPH)
Matt Steinke scores
Dave Key to third
Runner from 3rd tries for Home, SAFE, throw by RF to home
Batting: RHB Jonathan Livingston 0-0: Called Strike
0-1: Ball
1-1: Ground out 4-3 (Groundball, 4, EV 104.4 MPH)
Bottom of the 4th over - 2 runs, 3 hits, 0 errors, 1 left on base; Vancouver 1 - Mahoning Valley 2
TOP OF THE 5TH
Vancouver Canadians batting - Pitching for Mahoning Valley Scrappers : RHP Mike Borell
Batting: LHB Devin Huber 0-0: Ball
1-0: Ball
2-0: Foul Ball, location: 2F
2-1: Called Strike
2-2: Ball
3-2: Strikes out looking
Pinch Hitting: LHB Ray Whitehead 0-0: Ball
1-0: Called Strike
1-1: Foul Ball, location: 2F
1-2: Foul Ball, location: 2F
1-2: Foul Ball, location: 2F
1-2: Ball
2-2: Ball
3-2: Ground out 4-3 (Groundball, 4M, EV 103.1 MPH)
Batting: RHB Dan Hilyer 0-0: Called Strike
0-1: Ball
1-1: Ball
2-1: Called Strike
2-2: Strikes out swinging
Top of the 5th over - 0 runs, 0 hits, 0 errors, 0 left on base; Vancouver 1 - Mahoning Valley 2
BOTTOM OF THE 5TH
Mahoning Valley Scrappers batting - Pitching for Vancouver Canadians : RHP John York
Now at 3B: Javier Garcia
Batting: RHB Leo Villa 0-0: Called Strike
0-1: Called Strike
0-2: Foul Ball, location: 2F
0-2: Strikes out swinging
Batting: RHB Juan Ordonez 0-0: Foul Ball, location: 2F
0-1: Foul Ball, location: 2F
0-2: Strikes out looking
Batting: RHB Aaron Stout 0-0: Ball
1-0: Ball
2-0: Swinging Strike
2-1: Foul Ball, location: 2F
2-2: Ground out 2-3 (Groundball, 15S, EV 65.0 MPH)
Bottom of the 5th over - 0 runs, 0 hits, 0 errors, 0 left on base; Vancouver 1 - Mahoning Valley 2
TOP OF THE 6TH
Vancouver Canadians batting - Pitching for Mahoning Valley Scrappers : RHP Mike Borell
Batting: RHB Luis Vargas 0-0: Called Strike
0-1: Fly out, F8 (Flyball, 8LM, EV 71.2 MPH)
Batting: RHB Brian Manson 0-0: Swinging Strike
0-1: Ball
1-1: Swinging Strike
1-2: Strikes out swinging
Batting: RHB Nikita Schram 0-0: Called Strike
0-1: Swinging Strike
0-2: Ball
1-2: Strikes out swinging
Top of the 6th over - 0 runs, 0 hits, 0 errors, 0 left on base; Vancouver 1 - Mahoning Valley 2
BOTTOM OF THE 6TH
Mahoning Valley Scrappers batting - Pitching for Vancouver Canadians : RHP John York
Batting: RHB Jose Argueta 0-0: Ball
1-0: Ball
2-0: Called Strike
2-1: SINGLE (Groundball, 6D, EV 100.0 MPH)
Batting: RHB John Shaffer 0-0: Called Strike
0-1: Ball
1-1: Called Strike
Jose Argueta is caught stealing 2nd base 2-4
1-2: Ground out U3 (Groundball, 3, EV 89.4 MPH)
Batting: LHB Matt Steinke 0-0: Ball
1-0: Ball
2-0: Ball
3-0: Ground out 5-3 (Groundball, 5D, EV 88.8 MPH)
Bottom of the 6th over - 0 runs, 1 hit, 0 errors, 0 left on base; Vancouver 1 - Mahoning Valley 2
TOP OF THE 7TH
Vancouver Canadians batting - Pitching for Mahoning Valley Scrappers : RHP Mike Borell
Now at 1B: Kevin Wiles
Batting: RHB Norm Mercer 0-0: Ground out U3 (Groundball, 3, EV 85.6 MPH)
Batting: RHB Mark Noftall 0-0: Ball
1-0: Called Strike
1-1: Swinging Strike
1-2: Strikes out swinging
Batting: RHB Elliot Manfredini 0-0: Called Strike
0-1: Called Strike
0-2: Ball
1-2: Ball
2-2: Ground out 6-3 (Groundball, 6M, EV 81.9 MPH)
Top of the 7th over - 0 runs, 0 hits, 0 errors, 0 left on base; Vancouver 1 - Mahoning Valley 2
BOTTOM OF THE 7TH
Mahoning Valley Scrappers batting - Pitching for Vancouver Canadians : RHP John York
Batting: LHB Dave Key 0-0: Called Strike
0-1: Ball
1-1: SINGLE (Groundball, 56, EV 101.9 MPH)
Batting: RHB Nick Gossman 0-0: Fly out, F7 (Flyball, 78S, EV 85.0 MPH)
Batting: RHB Jonathan Livingston 0-0: Ball
1-0: Called Strike
1-1: Ball
Wild Pitch!
Dave Key to second
2-1: Intentional Walk
Batting: RHB Leo Villa 0-0: Fly out, F8 (Flyball, 8RD, EV 102.5 MPH)
Batting: RHB Juan Ordonez 0-0: Ball
1-0: Ball
2-0: Fly out, F7 (Flyball, 7LSF, EV 77.5 MPH)
Bottom of the 7th over - 0 runs, 1 hit, 0 errors, 2 left on base; Vancouver 1 - Mahoning Valley 2
TOP OF THE 8TH
Vancouver Canadians batting - Pitching for Mahoning Valley Scrappers : RHP Mike Borell
Pitching: LHP David Noffsinger
Now in RF: Jaquan Brown
Pinch Hitting: RHB Kennet Strijbis 0-0: Foul Ball, location: 2F
0-1: Ball
1-1: Swinging Strike
1-2: Ball
2-2: Strikes out swinging, 2-3 out at first.
Batting: RHB Javier Garcia 0-0: Foul Ball, location: 2F
0-1: Swinging Strike
0-2: Ball
1-2: Ball
2-2: Ball
3-2: Strikes out looking
Batting: RHB Dan Hilyer 0-0: Swinging Strike
0-1: Swinging Strike
0-2: Strikes out looking
Top of the 8th over - 0 runs, 0 hits, 0 errors, 0 left on base; Vancouver 1 - Mahoning Valley 2
BOTTOM OF THE 8TH
Mahoning Valley Scrappers batting - Pitching for Vancouver Canadians : RHP John York
Now in LF: Adam Santarelli
Batting: RHB Aaron Stout 0-0: Called Strike
0-1: Called Strike
0-2: Strikes out swinging
Pitching: LHP Nick Burnstein
Batting: RHB Jose Argueta 0-0: Called Strike
0-1: Ball
1-1: Swinging Strike
1-2: Strikes out looking
Batting: RHB John Shaffer 0-0: Ball
1-0: Foul Ball, location: 2F
1-1: Called Strike
1-2: Strikes out swinging
Bottom of the 8th over - 0 runs, 0 hits, 0 errors, 0 left on base; Vancouver 1 - Mahoning Valley 2
TOP OF THE 9TH
Vancouver Canadians batting - Pitching for Mahoning Valley Scrappers : LHP David Noffsinger
Pitching: RHP Danny Roe
Pinch Hitting: LHB Sonny Flood 0-0: Fly out, F7 (Line Drive, 7LS, EV 93.1 MPH)
Batting: RHB Brian Manson 0-0: Ball
1-0: SINGLE (Line Drive, 78S, EV 110.0 MPH)
Batting: RHB Nikita Schram 0-0: Called Strike
0-1: Foul Ball, location: 2F
0-2: Ground out 5-3 (Groundball, 56S, EV 71.9 MPH)
Brian Manson to second
Batting: RHB Norm Mercer 0-0: Swinging Strike
0-1: Swinging Strike
0-2: Ball
1-2: Strikes out swinging
Top of the 9th over - 0 runs, 1 hit, 0 errors, 1 left on base; Vancouver 1 - Mahoning Valley 2
Tuesday, March 28th , 2023 - OOTP Baseball 23.10 Build 110